 Dungeon Crawl Stone Soup version 0.29.1-1-gd02db6906a (webtiles) character file.

Game seed: 79791301269027855

22 Ashen the Firebug (level 2, -9/19 HPs)
             Began as a Demonspawn Fire Elementalist on Oct 10, 2022.
             Mangled by a gnoll
             ... wielding a +0 whip
              (10 damage)
             ... on level 1 of the Dungeon.
             The game lasted 00:02:50 (1273 turns).

Ashen the Firebug (Demonspawn Fire Elementalist)    Turns: 1273, Time: 00:02:50

Health: -9/19      AC:  2    Str:  8    XL:     2   Next: 68%
Magic:  0/5        EV: 12    Int: 16    God:
Gold:   61         SH:  0    Dex: 13    Spells: 4/5 levels left

rFire   . . .      SeeInvis .   j - +0 long sword
rCold   . . .      Faith    .   (no shield)
rNeg    . . .      Spirit   .   a - +0 robe
rPois   .          Reflect  .   (no helmet)
rElec   .          Harm     .   (no cloak)
rCorr   .          Rampage  .   (no gloves)
Will    +....                   (no boots)
Stlth   ++........              (no amulet)
HPRegen 0.06/turn               g - ring of willpower
MPRegen 0.09/turn               (no ring)

@: no status effects
A: demonic guardian 1
a: no special abilities


You were on level 1 of the Dungeon.
You visited 1 branch of the dungeon, and saw 2 of its levels.

You collected 61 gold pieces.

Inventory:

Hand Weapons
 j - a +0 long sword (weapon)
Armour
 a - a +0 robe (worn)
 l - a +0 pair of boots
Jewellery
 g - a ring of willpower (left hand)
Scrolls
 c - a scroll of immolation {unknown}
 d - a scroll of identify {unknown}
 e - a scroll of teleportation {unknown}
 f - a scroll of vulnerability {unknown}
 h - a scroll of fog {unknown}
 k - a scroll of noise {unknown}
Potions
 b - a potion of magic
 i - a potion of ambrosia {unknown}


   Skills:
 + Level 0.1 Fighting
 + Level 2.0 Dodging
 + Level 2.1 Stealth
 * Level 2.2 Spellcasting
 * Level 1.3 Conjurations
 * Level 2.9 Fire Magic


You had 4 spell levels left.
You knew the following spells:

 Your Spells              Type           Power      Damage    Failure   Level
a - Foxfire               Conj/Fire      32%        2x1d5     9%          1

Your spell library contained the following spells:

 Spells                   Type           Power      Damage    Failure   Level
 Scorch                   Fire           22%        2d6       9%          2
 Conjure Flame            Conj/Fire      8%         6-21      26%         3
 Inner Flame              Hex/Fire       6%         N/A       32%         3
 Flame Wave               Conj/Fire      8%         2d5       63%         4


Dungeon Overview and Level Annotations

Branches:
Dungeon (2/15)

Altars:

Shops:
D:1 (


Innate Abilities, Weirdness & Mutations

A weak demonic guardian rushes to your aid.


Message History

The gnoll shouts!
You see here a +0 pair of boots.
l - a +0 pair of boots
There is a stone staircase leading up here.
You conjure some foxfire!
You conjure some foxfire!
The foxfire hits the gnoll but does no damage.
The foxfire hits the gnoll.
The gnoll is lightly wounded.
You hit the gnoll.
The gnoll is heavily wounded.
The foxfire hits the gnoll.
The gnoll is heavily wounded.
The foxfire hits the gnoll.
The gnoll is severely wounded.
The gnoll closely misses you. x2
The gnoll closely misses you. The gnoll misses you.
You climb upwards.
There is a stone staircase leading down here.
You conjure some foxfire!
The gnoll barely misses you. The gnoll hits you with a +0 whip.
You conjure some foxfire!
The foxfire hits the gnoll but does no damage.
The foxfire hits the gnoll.
The gnoll is almost dead.
The gnoll barely misses you. The gnoll hits you with a +0 whip.
You are too injured to fight recklessly!
Unknown command.
You are too injured to fight recklessly!
Casting: Foxfire (safe; 9% risk of failure)
Confirm with . or Enter, or press ? or * to list all spells.
You conjure some foxfire!
The foxfire hits the gnoll.
The gnoll is lightly wounded.
The foxfire hits the gnoll.
The gnoll is almost dead.
The gnoll hits you with a +0 whip!
* * * LOW HITPOINT WARNING * * *
A demonic guardian appears!
The gnoll hits you with a +0 whip!
Ouch! That really hurt!
You die...

...##.8.8.8.8.##..####...........
...#...........#.................
...+..)........+.................
####...........#.................
...##.8.8.8.8.##..#####.........#
....##.#...#.##...# #.........#
.....##.....##....### #.........+
......##...###.§vv..# #.........#
.......##+## #..@.#.###......##.#
...........###.gg................
##...######.......5..#####'#####.
##...# #.........########.######
#....# #........## ###.......###
#....# #....#..## ##...........#
#....####....#..# ##....#####....
######.......#..# #...#########..
.............#.####..##.....[.##.


You could see 2 gnolls and a friendly shadow imp (summoned).

Vanquished Creatures
  An endoplasm (D:1)
  A giant cockroach (D:1)
  A hobgoblin (D:1)
  A quokka (D:1)
  A ball python (D:1)
  5 bats (D:1)
  5 frilled lizards
  6 goblins (D:1)
  A rat (D:1)
22 creatures vanquished.

Vanquished Creatures (others)
  65 foxfires
65 creatures vanquished.

Grand Total: 87 creatures vanquished

Notes
Turn   | Place    | Note
-------+----------+-------------------------------------------
     0 | D:1      | Ashen the Demonspawn Fire Elementalist began the quest for
                  | the Orb.
     0 | D:1      | Reached XP level 1. HP: 13/13 MP: 3/3
   458 | D:1      | Gained mutation: A weak demonic guardian rushes to your
                  | aid. [demonic ancestry]
   458 | D:1      | Reached XP level 2. HP: 19/19 MP: 1/5
  1111 | D:1      | Found Wioxafug's Antique Weapon Boutique.
  1273 | D:1      | Mangled by a gnoll

Illustrated notes

Levels and vault maps discovered:
D:1:      dpeg_arrival_concentric_ovals, layout_basic, serial_shops,
          shop_fountains, dk_noncrumbling_3
D:2:      layout_rooms, hellmonk_ecumenical_altar_run_dry

Skill      XL: |  1  2 |
---------------+-------+-----
Stealth        | 2 |  2.1
Dodging        | 2 |  2.0
Fighting       | |  0.1
Spellcasting   | |  2.2
Conjurations   | |  1.3
Fire Magic     | |  2.9

Action                   || total
-------------------------++-------
Melee: Unarmed           ||    20
       Long sword        ||     4
 Cast: Foxfire           ||    38
 Stab: Sleeping          ||     1
Armor: Robe              ||     1
Dodge: Dodged            ||    31
